 Dungeon Crawl Stone Soup version 0.16-a0-890-g98fc465 (webtiles) character file.

3355 RobertPalmer the Basher (level 10, -2/56 HPs)
             Began as an Octopode Venom Mage on Sept 29, 2014.
             Slain by a quasit (3 damage)
             ... on Level 8 of the Dungeon.
             The game lasted 00:35:59 (13081 turns).

RobertPalmer the Basher (Octopode Venom Mage)      Turns: 13081, Time: 00:35:59

HP  -2/56        AC  1     Str  8      XL: 10   Next:  3%
MP  16/16        EV 20     Int 22      God:
Gold 379         SH  0     Dex 20      Spells:  4 memorised,  5 levels left

rFire  . . .     SeeInvis +     b - +0 dire flail
rCold  . . .     Clarity  .     (no shield)
rNeg   + + .     rCorr    .     (helmet restricted)
rPois  .         rRot     .     z - amulet of warding
rElec  .         Spirit   .     k - ring of flight
SustAb .         Warding  +     D - ring of see invisible
rMut   .         Rnd*Tele +     m - ring of positive energy
Gourm  .                        o - +5 ring of intelligence
MR     .....                    y - +4 ring of dexterity
                                n - ring of teleportation
                                (no ring)
                                (no ring)

@: not resistant to hostile enchantments, fairly stealthy
A: almost no armour, amphibious, 8 rings, constrict 8, camouflage 1, gelatinous
body 1
a: Evoke Flight, Evoke Teleportation


You were on level 8 of the Dungeon.
You were hungry.

You visited 1 branch of the dungeon, and saw 8 of its levels.

You collected 392 gold pieces.
You spent 13 gold pieces at shops.


Innate Abilities, Weirdness & Mutations

You cannot wear most types of armour.
You are amphibious.
You can wear up to eight rings at the same time.
You can use your tentacles to constrict many enemies at once.
Your skin changes colour to match your surroundings (Stealth).
Your rubbery body absorbs attacks (AC +1).


   Skills:
 - Level 10.2 Maces & Flails
 + Level 9.1 Dodging
 - Level 2.6 Stealth
 - Level 2.0 Spellcasting
 - Level 0.4 Conjurations
 - Level 5.8 Poison Magic


You had 5 spell levels left.
You knew the following spells:

 Your Spells              Type           Power        Failure   Level  Hunger
b - Blink                 Tloc           N/A          21%         2    ##.....
c - Mephitic Cloud        Conj/Pois/Air  ##......     17%         3    ###....
z - Sting                 Conj/Pois      ###.         4%          1    #......
Z - Cure Poison           Pois           ####......   1%          2    ##.....

Inventory:

Hand weapons
 a - a +4 whip
 b - a +0 dire flail (weapon)
 s - a +0 blowgun
Missiles
 B - 11 poisoned needles
Magical devices
 l - a wand of polymorph (4)
 q - a wand of cold (0)
Comestibles
 c - 5 bread rations
 d - a chunk of centaur flesh {@*1}
 u - 2 meat rations
Scrolls
 j - 2 scrolls of enchant armour
 K - a scroll of remove curse
Jewellery
 k - a ring of flight (left tentacle)
 m - a ring of positive energy (on tentacle)
 n - a ring of teleportation (on tentacle)
 o - a +5 ring of intelligence (on tentacle)
 y - a +4 ring of dexterity (on tentacle)
 z - an amulet of warding (around mantle)
 D - a ring of see invisible (right tentacle)
Potions
 e - a potion of beneficial mutation {unknown}
 f - 2 potions of restore abilities
 h - a potion of cancellation
 i - 3 potions of mutation {!q}
 p - 2 potions of magic
 r - a potion of lignification {unknown}
 t - 2 potions of flight {unknown}
 v - a potion of agility {unknown}
 w - 2 potions of resistance {unknown}
 A - a potion of brilliance {unknown}
 H - a potion of poison {unknown}
 J - a potion of haste {unknown}
Books
 g - a Young Poisoner's Handbook
 x - a book of Spatial Translocations

Dungeon Overview and Level Annotations

Branches:
Dungeon (8/15)             Temple (0/1) D:4
   Lair: D:8-11

Altars:
Okawaru

Shops:
D:7 (

Annotations:
D:2 Sigmund
D:8 Pikel

... # ...%
#.#######.....
#.........#...
#...Y.......o.
#.........#
#.#.....Y..#
##..$....#
#......@.#
#......5b....W.#
#..............$
#...............
.!.............
..#.##.....$.
##. ##..... ..
.... .


You could see a phantom (dormant), 2 ice beasts, a quasit and a bat.


Message History

You sock the centaur!
You kill the centaur!
Things that are here:
a shortbow; 27 arrows; a centaur corpse You finish butchering the centaur corpse.
d - 2 chunks of centaur flesh {@*1}
Things that are here:
a shortbow; 27 arrows Eat one of 2 chunks of centaur flesh {@*1}? (ye/n/q/i?)
You are feeling hungry.
Your surroundings suddenly seem different.
Found three items.
The quasit gives a chilling moan.
The ice beast hits you.
* * * LOW HITPOINT WARNING * * *
The ice beast freezes you!
* * * LOW HITPOINT WARNING * * *
The bat hits you.
* * * LOW HITPOINT WARNING * * *
The ice beast hits you.
* * * LOW HITPOINT WARNING * * *
The ice beast freezes you.
* * * LOW HITPOINT WARNING * * *
Unknown command.
The bat barely misses you.
Drink which item? (? for menu, Esc to quit)
Okay, then.
A phantom comes into view.
The bat completely misses you. The quasit bites you.
You die...

Action                   |  1- 3 |  4- 6 |  7- 9 | 10-12 || total
-------------------------+-------+-------+-------+-------++-------
Melee: Unarmed           |    14 |       |       |       ||    14
       Club              |    20 |       |       |       ||    20
       Whip              |    38 |    74 |   171 |       ||   283
       Dire flail        |       |       |    64 |     5 ||    69
       Flail             |       |       |    57 |       ||    57
 Fire: Blowgun           |       |       |    30 |     1 ||    31
Throw: Throwing net      |       |       |     2 |       ||     2
 Cast: Sting             |    40 |    87 |   125 |       ||   252
       Mephitic Cloud    |       |     1 |       |       ||     1
       Cure Poison       |       |       |     2 |     1 ||     3
 Abil: Evoke Teleportati |       |       |     1 |       ||     1
Evoke: Wand              |       |       |     4 |     2 ||     6
  Use: Scroll            |     4 |     3 |    14 |       ||    21
       Potion            |       |     1 |     9 |       ||    10
 Stab: Sleeping          |     5 |     1 |    18 |     1 ||    25
       Confused          |       |     1 |       |       ||     1
       Distracted        |       |     2 |     2 |       ||     4
       Held in net/web   |       |       |     1 |       ||     1
  Eat: Chunk             |     6 |     9 |    17 |     1 ||    33
       Royal jelly       |       |       |     1 |       ||     1
       Pizza             |       |       |     1 |       ||     1
       Beef jerky        |       |       |     2 |       ||     2

Vault maps used:
D:1:      onia_arrival_mini_maze
D:2:      first_bread, uniq_sigmund, uniq_terence
D:3:      uniq_jessica
D:4:      minmay_temple_entry_glassed_door, kennysheep_nondescript,
          goddamned_bats
D:5:      kennysheep_little_box
D:7:      serial_shops, nicolae_shop_statue_plus
D:8:      uniq_pikel

Notes
Turn   | Place    | Note
--------------------------------------------------------------
     0 | D:1      | RobertPalmer, the Octopode Venom Mage, began the quest for the Orb.
     0 | D:1      | Reached XP level 1. HP: 11/11 MP: 3/3
     2 | D:1      | Learned a level 1 spell: Sting
   744 | D:1      | Reached XP level 2. HP: 12/17 MP: 4/4
   929 | D:1      | Reached skill level 1 in Maces & Flails
  1825 | D:1      | Reached XP level 3. HP: 12/21 MP: 6/6
  1949 | D:1      | Reached skill level 2 in Maces & Flails
  2550 | D:2      | Noticed Terence
  2560 | D:2      | Killed Terence
  2560 | D:2      | Reached skill level 3 in Maces & Flails
  2560 | D:2      | Reached XP level 4. HP: 14/27 MP: 1/7
  2910 | D:2      | Noticed Sigmund
  3382 | D:2      | Reached skill level 4 in Maces & Flails
  3382 | D:2      | Reached XP level 5. HP: 26/31 MP: 6/9
  3608 | D:3      | Reached skill level 5 in Poison Magic
  3696 | D:3      | Learned a level 2 spell: Cure Poison
  3700 | D:3      | Learned a level 3 spell: Mephitic Cloud
  3925 | D:3      | Reached XP level 6. HP: 30/36 MP: 8/10
  4114 | D:3      | Noticed Jessica
  4120 | D:3      | Killed Jessica
  4391 | D:3      | Reached skill level 5 in Maces & Flails
  5019 | D:4      | Learned a level 2 spell: Blink
  5247 | D:4      | Reached XP level 7. HP: 41/41 MP: 10/12
  5283 | D:4      | Reached skill level 6 in Maces & Flails
  5940 | D:4      | Reached skill level 7 in Maces & Flails
  6120 | D:4      | Found a staircase to the Ecumenical Temple.
  6262 | D:5      | Entered Level 5 of the Dungeon
  6401 | D:5      | Reached skill level 3 in Dodging
  6439 | D:5      | Found an iron altar of Okawaru.
  7018 | D:5      | HP: 1/41 [orc priest/flail (13)]
  7019 | D:5      | Reached XP level 8. HP: 1/46 MP: 13/13
  7376 | D:5      | Reached skill level 4 in Dodging
  7441 | D:5      | Reached skill level 5 in Dodging
  7824 | D:5      | Reached skill level 6 in Dodging
  8233 | D:6      | Reached skill level 7 in Dodging
  9020 | D:6      | Reached XP level 9. HP: 51/51 MP: 14/14
  9968 | D:7      | Reached skill level 8 in Maces & Flails
 10042 | D:7      | Found Klycath's Weapon Shoppe.
 10052 | D:7      | Bought 2 curare-tipped needles for 13 gold pieces
 11027 | D:7      | Reached skill level 9 in Maces & Flails
 12010 | D:8      | Reached skill level 10 in Maces & Flails
 12079 | D:8      | Reached skill level 8 in Dodging
 12295 | D:8      | HP: 1/51 [orc wizard/magic dart (7)]
 12626 | D:8      | Noticed Pikel
 12790 | D:8      | Reached skill level 9 in Dodging
 12790 | D:8      | Reached XP level 10. HP: 14/56 MP: 12/16
 12790 | D:8      | HP: 1/56 [killer bee (6)]
 13079 | D:8      | HP: 1/56 [ice beast (6)]
 13081 | D:8      | Slain by a quasit

Vanquished Creatures
  A hill giant skeleton (D:8)
  A water moccasin (D:5)
  A sky beast (D:5)
  A slave (D:8)
  An ice beast (D:7)
  2 orc warriors
  5 ogres
  A boggart (D:6)
  5 centaurs
  A crocodile (D:7)
  4 wights (D:6)
  A scorpion (D:5)
  6 killer bees (D:8)
  A vampire bat (D:4)
  A goliath beetle (D:8)
  A crimson imp (D:8)
  3 hounds
  A jelly (D:8)
  A centaur zombie (D:7)
  2 iguanas
  6 orc priests
  A centaur skeleton (D:7)
  4 worker ants
  A two-headed ogre skeleton (D:8)
  5 orc wizards
  Jessica (D:3)
  Terence (D:2)
  A hound skeleton (D:6)
  A scorpion zombie (D:8)
  9 adders
  6 gnolls
  2 giant mites
  3 worms
  3 orc zombies
  3 fire bats (D:4)
  A giant gecko (D:2)
  28 orcs
  2 spectral bats (D:4)
  5 bat skeletons
  A bat zombie (D:4)
  4 giant cockroaches
  19 hobgoblins
  8 jackals
  17 kobolds
  2 quokkas
  2 ball pythons
  27 bats
  A bat simulacrum (D:4)
  2 giant newts
  17 goblins
  3 hobgoblin skeletons
  A quokka zombie (D:5)
  11 rats
  A ballistomycete (D:4)
239 creatures vanquished.

Vanquished Creatures (others)
  A kobold (D:6)
  A giant spore (D:4)
  A rat (D:8)
3 creatures vanquished.

Grand Total: 242 creatures vanquished
